 Dungeon Sprint DCSS version 0.27-a0-637-g3a9f0a9c12 (webtiles) character file.

Game seed: 2823984340798792932

62 scammafunk the Covered (level 3, -1/36 HPs)
             Began as a Minotaur Fighter on Mar 15, 2021.
             Was an Initiate of Qazlal.
             Slain by a thrashing horror (9 damage)
             ... in the Dungeon (Sprint V: "Ziggurat Sprint").
             The game lasted 00:03:39 (121 turns).

scammafunk the Covered (Minotaur Fighter)            Turns: 121, Time: 00:03:39

Health: -1/36      AC: 27    Str: 33    XL:     3   Next: 85%
Magic:  2/3        EV:  8    Int:  5    God:    Qazlal [......]
Gold:   0          SH:  0    Dex:  9    Spells: 2/2 levels left

rFire    . . .     SeeInvis .   E - +13 scythe of Curses {drain, *Drain}
rCold    . . .     Faith    .   (shield currently unavailable)
rNeg     . . .     Spirit   .   F - +15 Maxwell's patent armour {-Cast -Tele rElec Will+ rCorr}
rPois    .         Reflect  .   (helmet restricted)
rElec    +         Harm     .   (no cloak)
rCorr    +         Rampage  .   (no gloves)
Will     +....     NoTele   +   (no boots) Stlth ..........NoCast +
                                (no amulet)
HPRegen  0.12/turn              y - +6 ring of strength
MPRegen  0.08/turn              z - +6 ring of strength

@: no status effects
A: horns 2, retaliatory headbutt, low mp 1
a: Renounce Religion


You were in the Dungeon.
You worshipped Qazlal.
Qazlal was noncommittal.
You visited 1 branch

Inventory:

Hand Weapons
 E - the +13 scythe of Curses (weapon) {drain, *Drain}
   (You found it in the Dungeon)

   A truly terrible weapon, it drains the life of those it strikes.
   It causes draining when unequipped.
Armour
 F - the +15 Maxwell's patent armour (worn) {-Cast -Tele rElec Will+ rCorr}
   (You found it in the Dungeon)

   It insulates you from electricity.
   It affects your willpower, your defense against some magical effects.
   It prevents spellcasting.
   It prevents most forms of teleportation.
   It provides partial protection from all sources of acid and corrosion.
Jewellery
 t - a ring of flight
 u - a +6 ring of dexterity
 v - a +6 ring of dexterity
 w - a +6 ring of intelligence
 x - a +6 ring of intelligence
 y - a +6 ring of strength (right hand)
 z - a +6 ring of strength (left hand)
Wands
 A - a wand of mindburst (7)
 B - a wand of iceblast (7)
 C - a wand of acid (7)
Scrolls
 j - 4 scrolls of blinking
 o - 4 scrolls of amnesia
 p - 7 scrolls of fog
 q - a scroll of holy word
 r - 5 scrolls of identify
 s - 2 scrolls of fear
Potions
 d - 6 potions of might
 e - 10 potions of curing
 f - 9 potions of heal wounds
 g - 6 potions of haste
 h - 7 potions of magic
 i - 3 potions of berserk rage
 k - 2 potions of brilliance
 l - 2 potions of invisibility
 m - 4 potions of resistance
 n - a potion of experience
Miscellaneous
 D - a lightning rod (4/4)


   Skills:
 + Level 5.4 Fighting
 + Level 4.6 Polearms
 + Level 5.4 Armour
 + Level 5.4 Shields
 + Level 3.1 Invocations


You had 2 spell levels left.
You didn't know any spells.
Your spell library was empty.

Dungeon Overview and Level Annotations

Branches:
Dungeon (1/1)

Altars:
Ashenzari
Cheibriados
Dithmenos
Elyvilon
Fedhas
Gozag
Hepliaklqana
Kikubaaqudgha
Makhleb
Nemelex Xobeh
Okawaru
Qazlal
Ru
Sif Muna
Trog
Uskayaw
Vehumet
Wu Jian
Xom
Yredelemnul
Zin
The Shining One
Beogh
Jiyva
Lugonu

Annotations:
D 1 transporter


Innate Abilities, Weirdness & Mutations

You have a pair of horns on your head.
You reflexively headbutt those who attack you in melee.
Your magical capacity is low. (-10% MP)


Message History

The thrashing horror tramples you but does no damage.
The neqoxec hits you but does no damage.
You miss the neqoxec.
The neqoxec is almost dead.
The thrashing horror roars!
The thrashing horror tramples you but does no damage.
The thrashing horror barely misses you. The thrashing horror tramples you.
* * * LOW HITPOINT WARNING * * *
You hold your ground!
The thrashing horror barely misses you.
The shadow imp hits you but does no damage.
The neqoxec hits you but does no damage.
The shadow imp barely misses you.
The neqoxec hits you but does no damage.
You feel much better.
The thrashing horror closely misses you.
You furiously retaliate!
You headbutt the thrashing horror. The thrashing horror barely misses you.
The shadow imp barely misses you. The neqoxec gestures at you.
Something tries to feed on your intellect!
You closely miss the neqoxec. Your headbutt misses the neqoxec.
The neqoxec is almost dead.
The thrashing horror tramples you.
You hold your ground!
The thrashing horror tramples you but does no damage.
The shadow imp hits you but does no damage.
The neqoxec hits you but does no damage.
The shadow imp gestures at you. You resist with significant effort.
The thrashing horror closely misses you.
The thrashing horror tramples you.
You stumble backwards!
The thrashing horror roars!
The neqoxec hits you. The thrashing horror barely misses you.
You furiously retaliate!
You headbutt the thrashing horror. The thrashing horror tramples you.
* * * LOW HITPOINT WARNING * * *
You hold your ground!
You barely miss the neqoxec. Your headbutt misses the neqoxec.
The neqoxec is almost dead.
The thrashing horror tramples you but does no damage. x2
The thrashing horror tramples you!
You die...

▓▓▓▓▓▓▓▓▓▓▓▓▓
▓.8©8.▓.8©8.▓
▓.}}).▓.....▓
▓.....▓...[.▓
▓.....▓.....▓
▓...5.▓..|..▓
▓...3@▓..©..▓
▓..©.X▓▓▓▓▓▓▓
▓▓▓▓▓▓▓


You could see a thrashing horror, a neqoxec and a shadow imp.

Vanquished Creatures
  A crimson imp (D)
  An iron imp (D)
2 creatures vanquished.

Notes
Turn   | Place    | Note
-------+----------+-------------------------------------------
     0 | D        | scammafunk the Minotaur Fighter began the quest for the
                  | Orb.
     0 | D        | Reached XP level 1. HP: 19/19 MP: 0/0
     0 | D        | Found a shimmering blue altar of Sif Muna.
     0 | D        | Found a sacrificial altar of Ru.
     0 | D        | Found a bloodstained altar of Trog.
     0 | D        | Found a stormy altar of Qazlal.
     0 | D        | Found an iron altar of Okawaru.
     0 | D        | Found a sparkling altar of Nemelex Xobeh.
     0 | D        | Found a blossoming altar of Fedhas.
     1 | D        | Found the +6 Majin-Bo {vamp, MP+6 Int+6}
     1 | D        | Found the +9 heavy crossbow "Sniper" {vorpal, Acc+∞ SInv}
     1 | D        | Found the +10 dark maul {vorpal}
     1 | D        | Found the +15 Maxwell's patent armour {-Cast -Tele rElec
                  | Will+ rCorr}
     1 | D        | Found the +18 shield of the Gong {rElec rN+ Will+ EV-5}
     1 | D        | Found the +14 obsidian axe {vorpal, *Drain +Fly SInv}
     1 | D        | Found the +7 great mace "Firestarter" {inner flame, rF++}
     1 | D        | Found the +6 shillelagh "Devastator" {shatter}
     1 | D        | Found the +11 plutonium sword {*Contam Stlth-}
     1 | D        | Found the +8 lance "Wyrmbane" {slay drac, rPois rF+ rC+
                  | AC+3}
     1 | D        | Found the +9 sword of Zonguldrok {reap}
     1 | D        | Found the +13 scythe of Curses {drain, *Drain}
     1 | D        | Found the +5 sword of Power {vorpal}
     1 | D        | Found the +7 mace of Variability {chain chaos}
     1 | D        | Found the +7 Singing Sword {vorpal, sonic wave}
     1 | D        | Found the +8 storm bow {elec, penet}
     2 | D        | Found a transporter.
     2 | D        | Found an ancient bone altar of Kikubaaqudgha.
     2 | D        | Found a viscous altar of Jiyva.
     2 | D        | Found a corrupted altar of Lugonu.
     2 | D        | Found a hazy altar of Hepliaklqana.
     2 | D        | Found a burning altar of Makhleb.
     2 | D        | Found an opulent altar of Gozag.
    19 | D        | Became a worshipper of Qazlal Stormbringer
    99 | D        | Entered arena 2.
    99 | D        | Noticed an iron imp
    99 | D        | Noticed a crimson imp
    99 | D        | Found a transporter.
   101 | D        | Killed a crimson imp
   102 | D        | Reached XP level 2. HP: 28/28 MP: 0/2
   102 | D        | Reached XP level 3. HP: 35/35 MP: 0/3
   105 | D        | Reached skill level 5 in Fighting
   105 | D        | Reached skill level 5 in Armour
   105 | D        | Reached skill level 5 in Shields
   111 | D        | Entered arena 3.
   111 | D        | Noticed a neqoxec
   111 | D        | Noticed a thrashing horror
   111 | D        | Found a transporter.
   112 | D        | Found the +3 sling "Punk" {acid, rCorr}
   115 | D        | Gained mutation: Your magical capacity is low. (-10% MP) [a
                  | neqoxec]
   121 | D        | Slain by a thrashing horror

Illustrated notes

Levels and vault maps discovered:
D:        sprint_v [room_start, room_1, room_2, room_3, room_4, room_5, room_6,
          room_7, room_8, room_9, room_10, room_11, room_12, room_13, room_14,
          room_15, room_16, room_17, room_18, room_19, room_20, room_21,
          room_22, room_23, room_24, room_25, room_26, room_27]

Skill      XL: |  1  2  3 |
---------------+----------+-----
Fighting       | 4 5 |  5.4
Polearms       | 4 |  4.6
Armour         | 4 5 |  5.4
Shields        | 4 5 |  5.4
Invocations    | 2 3 |  3.1

Action                   || total
-------------------------++-------
Melee: Scythe            ||    13
       Headbutt          ||     1
  Use: Potion            ||     1
Armor: Plate armour      ||    24
Dodge: Dodged            ||    17

Table legend: (Time is in decaauts)
 A = Elapsed time spent in this place.
 B = Non-inter-level travel time spent in this place.
 C = Inter-level travel time spent in this place.
 D = Time resting spent in this place.
 E = Time spent auto-exploring this place.
 F = Levels seen in this place.
 G = Mean time per level.
                   A        B        C        D        E       F      G
               +--------+--------+--------+--------+--------+-----+--------+
         Total |    129 |    129 |      0 |      0 |      0 |   1 |  129.0 |
       Dungeon |    129 |    129 |      0 |      0 |      0 |   1 |  129.0 |
               +--------+--------+--------+--------+--------+-----+--------+

Top non-repeatable levels by time:
       D: 129 daAuts
